General information
- name: BIGFFA
- type: Custom game
- host: Mata.
- saver: timg4strok
map: LastManStanding
- players: 8
- length: 30:17
- speed: Fast
- version: 1.24 W3XP
- replay type:

» download(209 KB)
Players
team 1 (loser)

»
Mata. (
green | 163 APM | 4938 actions | 30:16)
5 Archmage
3 Summon Water Elemental
2 Brilliance Aura
4 Mountain King
2 Storm Bolt
2 Bash
3 Paladin
2 Holy Light
1 Divine Shield
» actions
| Assign group hotkey | 484 | |
| Basic commands | 38 | |
| Build / train | 168 | |
| Enter build submenu | 48 | |
| Enter hero's abilities submenu | 12 | |
| Give item / drop item | 5 | |
| Remove unit from queue | 7 | |
| Right click | 2031 | |
| Select / deselect | 1270 | |
| Select group hotkey | 666 | |
| Use ability | 209 | |
4938 total
» units
| Peasant | 18 | |
| Footman | 7 | |
| Centaur Outrunner | 1 | |
| Priest | 8 | |
| Sorceress | 8 | |
| Knight | 2 | |
| Rifleman | 8 | |
| Dragonhawk Rider | 9 | |
| Gryphon Rider | 5 | |
66 total
» upgrades
| Masonry | 3 | |
| Animal War Training | 1 | |
| Armor | 3 | |
| Swords | 3 | |
| Storm Hammers | 1 | |
| Priest Training | 2 | |
| Sorceress Training | 3 | |
| Lumber Harvesting | 1 | |
| Magic Sentry | 1 | |
| Gunpowder | 0 | |
| Long Rifles | 1 | |
19 total
» buildings
| Altar of Kings | 1 | |
| Farm | 12 | |
| Barracks | 1 | |
| Scout Tower | 10 | |
| Arcane Tower | 5 | |
| Keep | 1 | |
| Town Hall | 2 | |
| Lumber Mill | 2 | |
| Guard Tower | 17 | |
| Arcane Sanctum | 1 | |
| Castle | 1 | |
| Arcane Vault | 1 | |
| Blacksmith | 1 | |
| Gryphon Aviary | 2 | |
57 total
» build order
00:04 Altar of Kings
00:18 Farm
00:25 Barracks
01:02 Farm
01:39 Scout Tower
01:43 Farm
02:29 Arcane Tower
02:29 Arcane Tower
03:42 Farm
04:39 Scout Tower
04:40 Scout Tower
04:45 Keep
04:51 Town Hall
05:07 Arcane Tower
05:07 Arcane Tower
05:10 Lumber Mill
05:11 Lumber Mill
06:19 Guard Tower
06:51 Scout Tower
06:52 Scout Tower
06:57 Scout Tower
07:28 Guard Tower
07:36 Arcane Sanctum
08:26 Castle
08:30 Guard Tower
08:31 Guard Tower
08:32 Arcane Vault
10:00 Blacksmith
10:28 Scout Tower
10:28 Scout Tower
11:50 Guard Tower
11:50 Guard Tower
11:52 Guard Tower
11:52 Guard Tower
12:10 Farm
12:41 Gryphon Aviary
12:44 Gryphon Aviary
12:57 Guard Tower
12:57 Guard Tower
13:56 Farm
13:57 Farm
13:57 Farm
13:59 Farm
14:47 Town Hall
16:40 Farm
18:48 Scout Tower
18:49 Scout Tower
19:23 Guard Tower
25:31 Farm
25:32 Farm
» items
| Scroll of Regeneration | 2 | |
| Ivory Tower | 6 | |
| Staff of Sanctuary | 3 | |
| Orb of Fire | 2 | |
| Scroll of Town Portal | 3 | |
| Potion of Healing | 3 | |
19 total
team 2 (loser)

»
TEHTIDEHUNTER (
red | 27 APM | 41 actions | 01:31)
» actions
| Build / train | 6 | |
| Enter build submenu | 5 | |
| Right click | 11 | |
| Select / deselect | 15 | |
| Use ability | 4 | |
41 total
» units
» buildings
| Altar of Kings | 1 | |
| Farm | 2 | |
| Barracks | 1 | |
4 total
» build order
00:12 Altar of Kings
00:17 Farm
00:38 Barracks
00:55 Farm
team 3 (loser)
blinn (
orange | 116 APM | 1268 actions | 10:56)
3 Blademaster
2 Wind Walk
1 Critical Strike
1 Shadow Hunter
1 Hex
» actions
| Assign group hotkey | 198 | |
| Basic commands | 4 | |
| Build / train | 44 | |
| Enter build submenu | 13 | |
| Enter hero's abilities submenu | 4 | |
| Give item / drop item | 1 | |
| Right click | 588 | |
| Select / deselect | 165 | |
| Select group hotkey | 196 | |
| Use ability | 55 | |
1268 total
» units
| Peon | 10 | |
| Grunt | 9 | |
| Centaur Outrunner | 1 | |
| Wind Rider | 1 | |
| Raider | 3 | |
24 total
» upgrades
| Berserker Strength | 1 | |
| Ranged Weapons | 1 | |
2 total
» buildings
| Altar of Storms | 1 | |
| Orc Burrow | 5 | |
| Barracks | 1 | |
| Voodoo Lounge | 1 | |
| War Mill | 1 | |
| Stronghold | 2 | |
| Beastiary | 2 | |
13 total
» build order
00:02 Altar of Storms
00:11 Orc Burrow
00:32 Barracks
02:05 Orc Burrow
02:13 Voodoo Lounge
02:43 War Mill
03:18 Stronghold
03:18 Stronghold
05:12 Orc Burrow
07:16 Beastiary
07:18 Beastiary
07:21 Orc Burrow
10:05 Orc Burrow
» items
| Healing Salve | 3 | |
| Lesser Clarity Potion | 2 | |
| Scroll of Speed | 1 | |
6 total
team 4 (loser)

»
Hokori (
purple | 78 APM | 1987 actions | 25:19)
6 Far Seer
3 Feral Spirit
2 Chain Lighting
1 Earth Quake
6 Tauren Chieftain
2 Shockwave
3 Endurance Aura
1 Reincarnation
4 Shadow Hunter
2 Healing Wave
2 Serpent Ward
» actions
| Assign group hotkey | 32 | |
| Basic commands | 203 | |
| Build / train | 103 | |
| ESC pressed | 1 | |
| Enter build submenu | 25 | |
| Enter hero's abilities submenu | 16 | |
| Right click | 613 | |
| Select / deselect | 364 | |
| Select group hotkey | 487 | |
| Use ability | 143 | |
1987 total
» units
| Peon | 12 | |
| Grunt | 5 | |
| Raider | 4 | |
| Troll Witch Doctor | 8 | |
| Kodo Beast | 2 | |
| Wind Rider | 7 | |
| Goblin Shredder | 1 | |
| Tauren | 6 | |
| Shaman | 6 | |
| Troll Headhunter/Berserker | 2 | |
53 total
» upgrades
| Pillage | 1 | |
| Berserker Strength | 1 | |
| Witch Doctor Training | 2 | |
| Armor | 2 | |
| Melee Weapons | 1 | |
| Ensnare | 1 | |
| Ranged Weapons | 2 | |
| Shaman Training | 2 | |
| Pulverize | 1 | |
| Reinforced Defenses | 1 | |
| Berserker Upgrade | 1 | |
| War Drums Damage Increase | 1 | |
| Envenomed Spears | 1 | |
17 total
» buildings
| Altar of Storms | 1 | |
| Orc Burrow | 6 | |
| Barracks | 1 | |
| Voodoo Lounge | 2 | |
| Stronghold | 1 | |
| Beastiary | 1 | |
| War Mill | 1 | |
| Spirit Lodge | 2 | |
| Great Hall | 3 | |
| Fortress | 1 | |
| Tauren Totem | 1 | |
| Watch Tower | 4 | |
24 total
» build order
00:10 Altar of Storms
00:22 Orc Burrow
00:53 Barracks
01:35 Orc Burrow
01:58 Voodoo Lounge
02:59 Stronghold
03:28 Orc Burrow
05:31 Beastiary
05:49 War Mill
06:18 Spirit Lodge
06:50 Orc Burrow
09:14 Great Hall
10:15 Fortress
12:41 Tauren Totem
13:01 Watch Tower
13:09 Voodoo Lounge
13:32 Watch Tower
13:35 Orc Burrow
14:54 Orc Burrow
15:12 Watch Tower
15:17 Watch Tower
17:40 Spirit Lodge
19:08 Great Hall
21:00 Great Hall
» items
| Healing Salve | 3 | |
| Scroll of Speed | 1 | |
| Lesser Clarity Potion | 2 | |
| Orb of Lightning | 2 | |
| Scroll of Town Portal | 1 | |
9 total
team 5 (loser)
Fireshadow (
brown | 45 APM | 1133 actions | 25:12)
5 Mountain King
3 Storm Bolt
2 Bash
4 Paladin
2 Holy Light
1 Divine Shield
1 Devotion Aura
2 Archmage
1 Summon Water Elemental
1 Brilliance Aura
» actions
| Basic commands | 10 | |
| Build / train | 83 | |
| Enter build submenu | 23 | |
| Enter hero's abilities submenu | 11 | |
| Give item / drop item | 1 | |
| Right click | 484 | |
| Select / deselect | 423 | |
| Use ability | 98 | |
1133 total
» units
| Peasant | 14 | |
| Rifleman | 9 | |
| Spell Breaker | 4 | |
| Knight | 4 | |
| Gryphon Rider | 7 | |
38 total
» upgrades
| Gunpowder | 2 | |
| Armor | 2 | |
| Long Rifles | 1 | |
| Plating | 3 | |
| Magic Sentry | 1 | |
| Lumber Harvesting | 2 | |
| Swords | 1 | |
| Storm Hammers | 1 | |
13 total
» buildings
| Farm | 11 | |
| Blacksmith | 1 | |
| Altar of Kings | 1 | |
| Barracks | 1 | |
| Scout Tower | 5 | |
| Keep | 3 | |
| Arcane Tower | 1 | |
| Arcane Vault | 2 | |
| Arcane Sanctum | 1 | |
| Castle | 1 | |
| Lumber Mill | 1 | |
| Town Hall | 1 | |
| Gryphon Aviary | 2 | |
| Guard Tower | 2 | |
33 total
» build order
00:15 Farm
00:31 Blacksmith
01:05 Altar of Kings
01:24 Barracks
01:51 Farm
01:54 Farm
02:21 Farm
02:38 Scout Tower
02:41 Scout Tower
03:17 Farm
03:57 Keep
03:57 Keep
03:57 Keep
05:06 Arcane Tower
05:13 Arcane Vault
05:17 Arcane Vault
06:01 Farm
07:53 Arcane Sanctum
08:43 Farm
08:44 Farm
11:06 Castle
11:17 Scout Tower
11:18 Scout Tower
11:20 Scout Tower
11:44 Lumber Mill
12:44 Town Hall
17:21 Gryphon Aviary
17:23 Gryphon Aviary
18:33 Farm
18:40 Farm
19:00 Farm
21:19 Guard Tower
» items
| Scroll of Regeneration | 4 | |
| Potion of Healing | 1 | |
| Lesser Clarity Potion | 3 | |
| Scroll of Town Portal | 1 | |
| Orb of Fire | 2 | |
11 total
team 6 (winner)

»
timg4strok (
gray | 120 APM | 3629 actions | 30:17)
7 Blademaster
3 Wind Walk
3 Critical Strike
1 Bladestorm
7 Shadow Hunter
3 Hex
3 Healing Wave
1 Big Bad Voodoo
6 Tauren Chieftain
3 Endurance Aura
2 War Stomp
1 Reincarnation
» actions
| Assign group hotkey | 44 | |
| Basic commands | 112 | |
| Build / train | 107 | |
| ESC pressed | 3 | |
| Enter build submenu | 23 | |
| Enter hero's abilities submenu | 20 | |
| Give item / drop item | 5 | |
| Right click | 1463 | |
| Select / deselect | 332 | |
| Select group hotkey | 1330 | |
| Use ability | 190 | |
3629 total
» units
| Peon | 17 | |
| Grunt | 3 | |
| Raider | 1 | |
| Wind Rider | 13 | |
| Spirit Walker | 6 | |
| Shaman | 3 | |
| Troll Witch Doctor | 2 | |
| Troll Batrider | 2 | |
| Harpy Windwitch | 1 | |
| Centaur Outrunner | 1 | |
| Harpy Rogue | 1 | |
50 total
» upgrades
| Berserker Strength | 1 | |
| Ensnare | 1 | |
| Spirit Walker Training | 2 | |
| Envenomed Spears | 1 | |
| Ranged Weapons | 3 | |
| Reinforced Defenses | 1 | |
| Shaman Training | 2 | |
| Armor | 3 | |
| Witch Doctor Training | 2 | |
| Spiked Barricades | 1 | |
17 total
» buildings
| Altar of Storms | 1 | |
| Orc Burrow | 7 | |
| Barracks | 1 | |
| Stronghold | 1 | |
| Voodoo Lounge | 1 | |
| Beastiary | 2 | |
| Spirit Lodge | 1 | |
| War Mill | 1 | |
| Fortress | 1 | |
| Watch Tower | 3 | |
| Great Hall | 3 | |
22 total
» build order
00:05 Altar of Storms
00:16 Orc Burrow
00:40 Barracks
01:32 Orc Burrow
02:53 Stronghold
03:01 Voodoo Lounge
03:40 Orc Burrow
05:13 Orc Burrow
05:18 Beastiary
05:21 Spirit Lodge
06:45 War Mill
07:17 Fortress
07:58 Watch Tower
08:52 Orc Burrow
08:54 Orc Burrow
09:15 Great Hall
11:33 Beastiary
19:08 Great Hall
26:44 Orc Burrow
26:46 Watch Tower
26:48 Watch Tower
27:23 Great Hall
» items
| Healing Salve | 3 | |
| Scroll of Speed | 2 | |
| Lesser Clarity Potion | 3 | |
| Orb of Lightning | 2 | |
| Potion of Healing | 1 | |
11 total
team 7 (loser)

»
aeR.KiLLa- (
blue | 77 APM | 945 actions | 12:17)
3 Archmage
2 Summon Water Elemental
1 Brilliance Aura
1 Mountain King
1 Storm Bolt
» actions
| Basic commands | 11 | |
| Build / train | 46 | |
| Enter build submenu | 22 | |
| Enter hero's abilities submenu | 4 | |
| Right click | 520 | |
| Select / deselect | 275 | |
| Use ability | 67 | |
945 total
» units
| Peasant | 9 | |
| Footman | 8 | |
| Rifleman | 5 | |
| Razormane Medicine Man | 1 | |
| Dragonhawk Rider | 1 | |
| Priest | 1 | |
25 total
» upgrades
» buildings
| Altar of Kings | 1 | |
| Farm | 8 | |
| Barracks | 1 | |
| Arcane Vault | 2 | |
| Blacksmith | 1 | |
| Scout Tower | 4 | |
| Arcane Tower | 1 | |
| Lumber Mill | 1 | |
| Keep | 4 | |
| Arcane Sanctum | 1 | |
| Gryphon Aviary | 1 | |
| Guard Tower | 2 | |
27 total
» build order
00:08 Altar of Kings
00:10 Farm
00:12 Barracks
01:26 Farm
02:05 Farm
02:49 Arcane Vault
03:49 Farm
04:04 Blacksmith
04:48 Scout Tower
05:21 Arcane Tower
05:23 Farm
05:45 Lumber Mill
06:11 Farm
06:43 Keep
06:43 Keep
06:43 Keep
07:07 Farm
07:46 Scout Tower
09:31 Arcane Sanctum
09:40 Gryphon Aviary
09:48 Farm
10:49 Scout Tower
11:00 Scout Tower
11:15 Arcane Vault
11:47 Guard Tower
11:51 Guard Tower
» items
| Scroll of Regeneration | 5 | |
| Lesser Clarity Potion | 2 | |
7 total
team 8 (loser)

»
tahnor (
teal | 46 APM | 389 actions | 08:24)
1 Archmage
1 Blizzard
» actions
| Assign group hotkey | 7 | |
| Basic commands | 6 | |
| Build / train | 39 | |
| ESC pressed | 3 | |
| Enter build submenu | 11 | |
| Enter hero's abilities submenu | 1 | |
| Right click | 162 | |
| Select / deselect | 123 | |
| Select group hotkey | 15 | |
| Use ability | 22 | |
389 total
» units
» buildings
| Altar of Kings | 1 | |
| Farm | 2 | |
| Scout Tower | 3 | |
| Lumber Mill | 1 | |
| Arcane Tower | 1 | |
| Arcane Vault | 1 | |
| Keep | 1 | |
| Guard Tower | 1 | |
| Barracks | 1 | |
12 total
» build order
00:09 Altar of Kings
00:23 Farm
00:45 Scout Tower
01:08 Farm
01:18 Lumber Mill
01:49 Arcane Tower
03:09 Arcane Vault
05:17 Scout Tower
05:28 Scout Tower
05:31 Keep
06:02 Guard Tower
07:18 Barracks
» items
| Scroll of Regeneration | 1 | |
| Lesser Clarity Potion | 1 | |
2 total
Chat log
(00:09 / All) Mata.: gooood luck
(00:14 / All) aeR.KiLLa-: lmao
(00:16 / All) aeR.KiLLa-: gunna b EZ
(00:18 / All) blinn: have an enjoyable & relaxable game :)
(00:55 / All) aeR.KiLLa-: im in Miami trick
(01:06 / All) blinn: you child. you fairy. you company man.
(01:13 / All) aeR.KiLLa-: no
(01:21 / All) TEHTIDEHUNTER: shut up nigga bitch
(01:35 / All) Fireshadow: ..
(01:40 / All) blinn: LOL! what aan oewb.
(02:06 / All) Hokori: not everybody likes abuse as much as us
(07:02 / All) Fireshadow: nigger
(08:11 / All) tahnor: i'm trying to level you dude
(08:18 / All) timg4strok: nah you just a noob
(11:00 / All) Fireshadow: eat it
(22:15 / All) Fireshadow: get the fuck out of here
(22:29 / All) Fireshadow: theres no fucking way
(22:48 / All) Fireshadow: purps fucking cheating some how
(24:30 / All) Fireshadow: ........
(24:41 / All) Fireshadow: gg purp fucking hacks
(25:09 / All) Fireshadow: fucking jew